 Dungeon Crawl Stone Soup version 0.22.1-6-g1668fe2c40 (webtiles) character file.

141 Ihlosi the Magician (level 5, -2/29 HPs)
             Began as a Kobold Fire Elementalist on Jan 21, 2019.
             Slain by a hobgoblin
             ... wielding a +0 club
              (5 damage)
             ... while paralysed by Grinder
             ... on level 3 of the Dungeon.
             The game lasted 00:06:57 (2070 turns).

Ihlosi the Magician (Kobold Fire Elementalist)      Turns: 2070, Time: 00:06:57

Health: -2/29      AC:  2    Str:  5    XL:     5   Next: 48%
Magic:  8/10       EV:  3    Int: 18    God:
Gold:   188        SH:  0    Dex: 15    Spells: 10/11 levels left

rFire    . . .     SeeInvis .   b - +1 spear (venom)
rCold    . . .     Gourm    .   (shield restricted)
rNeg     . . .     Faith    .   o - +0 robe
rPois    .         Spirit   .   (no helmet)
rElec    .         Reflect  .   (no cloak)
rCorr    .         Harm     .   (no gloves)
MR       .....                  (no boots)
Stlth    ++........             (no amulet)
HPRegen  0.09/turn              (no ring)
MPRegen  0.12/turn              (no ring)

@: paralysed, very slightly contaminated
A: small, carnivore
a: no special abilities


You were on level 3 of the Dungeon.
You were very full.

You visited 1 branch of the dungeon, and saw 4 of its levels.

You collected 188 gold pieces.

Inventory:

Hand Weapons
 a - a +2 spear of piercing
 b - a +1 spear of venom (weapon)
 r - a +0 dagger of protection
Missiles
 d - 23 bolts
 i - 50 arrows
Armour
 o - a +0 robe (worn)
Scrolls
 e - a scroll of amnesia {unknown}
 f - a scroll of random uselessness {unknown}
 g - a scroll of fear {unknown}
 h - 2 scrolls of enchant armour {unknown}
 k - 3 scrolls of enchant weapon {unknown}
 l - a scroll of identify {unknown}
 n - 5 scrolls of remove curse {unknown}
 q - a scroll of teleportation {unknown}
 t - a scroll of fog {unknown}
 u - a scroll of immolation {unknown}
Potions
 j - 2 potions of curing {unknown}
 m - a potion of cancellation {unknown}
 p - 2 potions of mutation {unknown}
 s - 2 potions of degeneration {unknown}
Comestibles
 c - 8 rations


   Skills:
 * Level 1.2 Fighting
 * Level 3.4 Dodging
 - Level 3.0 Stealth
 + Level 3.6 Spellcasting
 * Level 2.9 Conjurations
 - Level 3.0 Fire Magic


You had 10 spell levels left.
You knew the following spells:

 Your Spells              Type           Power        Failure   Level  Hunger
a - Flame Tongue          Conj/Fire      ##...        4%          1    None

Your spell library contained the following spells:

 Spells                   Type           Power        Failure   Level  Hunger
 Throw Flame              Conj/Fire      ##....       7%          2    ##.....
 Conjure Flame            Conj/Fire      ##......     14%         3    ###....
 Inner Flame              Hex/Fire       #.......     26%         3    ###....
 Sticky Flame             Conj/Fire      ##......     41%         4    ####...
 Fireball                 Conj/Fire      ##........   77%         5    ######.


Dungeon Overview and Level Annotations

Branches:
Dungeon (4/15)
 Temple: D:4-7

Altars:
Uskayaw
Vehumet

Annotations:
D:3 Grinder, Ijyb


Innate Abilities, Weirdness & Mutations

You are small and have problems with some larger weapons.
You are carnivorous and can eat meat at any time.


Message History

Casting: Flame Tongue (safe; 4% risk of failure)
Confirm with . or Enter, or press ? or * to list all spells.
Aiming: Flame Tongue (safe; 4% risk of failure)
Press: ? - help, Shift-Dir - straight line, f/p - hobgoblin
Aim: a hobgoblin, wielding a club (lightly wounded)
The flame tongue hits the hobgoblin.
The hobgoblin is almost dead.
Grinder shouts!
The hobgoblin closely misses you.
The orc throws a tomahawk.
The tomahawk closely misses you. Grinder gestures at you.
You suddenly lose the ability to move!
The hobgoblin hits you with a club. x2
Grinder blinks!
The hobgoblin hits you with a club. The orc hits you with a hand axe.
Grinder blinks!
The hobgoblin hits you with a club. The orc hits you with a hand axe!
* * * LOW HITPOINT WARNING * * *
The hobgoblin hits you with a club.
You die...

##.........#
.....ยง....#
###.........#
###..........##
.............#
####.#.........#
........og.....#
.......5@......#
#####[........#
#........##
#(#....$##
#.####### ##.#
##..# ##...#
###....#


You could see Grinder, an orc and a hobgoblin.

Vanquished Creatures
  Jessica (D:2)
  Natasha (twice) (D:2)
  An adder (D:2)
  An ooze (D:1)
  2 leopard geckos
  4 orcs
  A ball python (D:2)
  A giant cockroach (D:2)
  10 goblins
  7 hobgoblins
  2 jackals (D:2)
  4 bats
  5 frilled lizards
  2 kobolds
  4 rats
47 creatures vanquished.

Vanquished Creatures (others)
  Natasha (D:2)
  A bat (D:2)
  A frilled lizard (D:2)
3 creatures vanquished.

Grand Total: 50 creatures vanquished

Notes
Turn   | Place    | Note
-------+----------+-------------------------------------------
     0 | D:1      | Ihlosi the Kobold Fire Elementalist began the quest for the
                  | Orb.
     0 | D:1      | Reached XP level 1. HP: 10/10 MP: 3/3
   151 | D:1      | Reached XP level 2. HP: 15/15 MP: 3/5
   737 | D:1      | Reached XP level 3. HP: 19/19 MP: 3/6
   791 | D:2      | Noticed Natasha
   801 | D:2      | Killed Natasha
   858 | D:2      | Found a hide-covered altar of Uskayaw.
   923 | D:2      | Reached XP level 4. HP: 24/24 MP: 6/8
  1024 | D:2      | Noticed Jessica
  1039 | D:2      | Killed Jessica
  1061 | D:2      | Noticed Natasha
  1068 | D:2      | Killed Natasha
  1068 | D:2      | Reached skill level 1 in Fighting
  1068 | D:2      | Reached XP level 5. HP: 17/29 MP: 7/10
  1098 | D:2      | Killed Natasha
  1572 | D:2      | Found a radiant altar of Vehumet.
  1925 | D:3      | Noticed Ijyb
  2027 | D:4      | Noticed an ogre
  2064 | D:3      | Noticed Grinder
  2065 | D:3      | Paralysed by Grinder for 6 turns
  2070 | D:3      | Slain by a hobgoblin

Skill      XL: |  1  2  3  4 |
---------------+-------------+-----
Stealth        | 3 |  3.0
Dodging        | 3 |  3.4
Spellcasting   | 3 |  3.6
Conjurations   | 2 |  2.9
Fighting       | 1 |  1.2
Fire Magic     | |  3.0

Action                   |  1- 3 |  4- 6 || total
-------------------------+-------+-------++-------
Melee: Unarmed           |     3 |       ||     3
       Spear             |       |    14 ||    14
 Cast: Flame Tongue      |    32 |    43 ||    75
 Stab: Sleeping          |       |     1 ||     1
  Eat: Chunk             |     6 |     5 ||    11
Armor: Robe              |     1 |     1 ||     2
Dodge: Dodged            |    17 |    20 ||    37
